 Dungeon Crawl Stone Soup version 0.29.1-13-g9f3cf754e1 (webtiles) character file.

Game seed: 11032050066692836133

110 booth the Stinger (level 4, -2/30 HPs)
             Began as a Demonspawn Venom Mage on Jan 25, 2023.
             Was an Initiate of Uskayaw.
             Slain by Terence
             ... wielding a +0 flail
              (6 damage)
             ... on level 2 of the Dungeon.
             The game lasted 00:18:23 (2495 turns).

booth the Stinger (Demonspawn Venom Mage)           Turns: 2495, Time: 00:18:24

Health: -2/30      AC:  2    Str: 15    XL:     4   Next: 61%
Magic:  4/8        EV: 12    Int: 18    God:    Uskayaw [......]
Gold:   79         SH:  0    Dex: 17    Spells: 2/9 levels left

rFire   . . .      SeeInvis .   c - +1 dagger
rCold   . . .      Faith    .   (no shield)
rNeg    . . .      Spirit   .   a - +0 robe
rPois   .          Reflect  .   (no helmet)
rElec   .          Harm     .   (no cloak)
rCorr   .          Rampage  .   (no gloves)
Will    .....                   (no boots)
Stlth   ++++......              (no amulet)
HPRegen 0.10/turn               g - +6 ring of strength
MPRegen 0.11/turn               l - ring of wizardry

@: about to teleport
A: thin skeletal structure 2
a: Renounce Religion


You were on level 2 of the Dungeon.
You worshipped Uskayaw.
Uskayaw was noncommittal.
You visited 1 branch of the dungeon, and saw 4 of its levels.

You collected 79 gold pieces.

Inventory:

Hand Weapons
 c - a +1 dagger (weapon)
Armour
 a - a +0 robe (worn)
 k - a +0 leather armour
Jewellery
 g - a +6 ring of strength (left hand)
 l - a ring of wizardry (right hand)
Scrolls
 f - 2 scrolls of teleportation
 i - a scroll of identify {unknown}
 j - a scroll of amnesia {unknown}
Potions
 b - 2 potions of resistance {unknown}
 d - a potion of degeneration {unknown}
 e - a potion of brilliance {unknown}
 h - a potion of ambrosia {unknown}


   Skills:
 + Level 0.1 Fighting
 + Level 0.3 Short Blades
 + Level 2.2 Dodging
 + Level 1.9 Stealth
 + Level 3.1 Spellcasting
 + Level 1.1 Transmutations
 + Level 1.1 Air Magic
 + Level 3.8 Poison Magic


You had 2 spell levels left.
You knew the following spells:

 Your Spells              Type           Power      Damage    Failure   Level
a - Sting                 Tmut/Pois      44%        1d5       2%          1
b - Poisonous Vapours     Pois/Air       22%        N/A       3%          2
c - Sandblast             Erth           4%         2d4       6%          1
d - Mephitic Cloud        Conj/Pois/Air  8%         N/A       10%         3

Your spell library contained the following spells:

 Spells                   Type           Power      Damage    Failure   Level
 Passwall                 Tmut/Erth      3%         N/A       8%          2
 Olgreb's Toxic Radiance  Pois           16%        N/A       13%         4
 Stone Arrow              Conj/Erth      4%         3d7       19%         3
 Borgnjor's Revivificati  Necr           1%         N/A       100%        8
 Necromutation            Tmut/Necr      2%         N/A       100%        8
 Death's Door             Necr           1%         N/A       100%        9


Dungeon Overview and Level Annotations

Branches:
Dungeon (4/15)
 Temple: D:4-7

Altars:
Uskayaw

Annotations:
D:2 Terence


Innate Abilities, Weirdness & Mutations

You have a moderately thin skeletal structure. (Dex +4, Stealth++)


Message History

The sting hits Terence.
Terence is poisoned.
Terence is lightly wounded.
Terence shouts!
Terence completely misses you. Terence closely misses you.
You closely miss Terence.
Terence is lightly wounded.
Terence closely misses you.
Casting: Sting (safe; 2% risk of failure)
Confirm with . or Enter, or press ? or * to list all spells.
Aiming: Sting (safe; 2% risk of failure)
Press: ? - help, Shift-Dir - straight line, f/p - Terence
Aim: Terence, wielding a +0 flail and wearing a +0 chain mail (lightly wounded, poisoned, 79% to hit)
The sting hits Terence.
Terence looks even sicker.
Terence is lightly wounded.
Terence hits you with a +0 flail.
Casting: Sting (safe; 2% risk of failure)
Confirm with . or Enter, or press ? or * to list all spells.
Aiming: Sting (safe; 2% risk of failure)
Press: ? - help, Shift-Dir - straight line, f/p - Terence
Aim: Terence, wielding a +0 flail and wearing a +0 chain mail (moderately wounded, very poisoned, 79% to hit)
The sting hits Terence.
Terence looks even sicker.
Terence is heavily wounded.
Terence hits you with a +0 flail.
Okay, then.
Casting: Sting (safe; 2% risk of failure)
Confirm with . or Enter, or press ? or * to list all spells.
Aiming: Sandblast (safe; 6% risk of failure)
Press: ? - help, Shift-Dir - straight line, f/p - Terence
Aim: Terence, wielding a +0 flail and wearing a +0 chain mail (heavily wounded, very poisoned, 86% to hit)
The blast of sand hits Terence but does no damage.
Terence is heavily wounded.
Terence hits you with a +0 flail!
As you read the scroll of teleportation, it crumbles to dust.
You feel strangely unstable. Terence hits you with a +0 flail!
* * * LOW HITPOINT WARNING * * *
You barely miss Terence.
Terence is severely wounded.
Terence hits you with a +0 flail.
You die...

###### #
#####....######
#...+....'....'
#####..###....######
#.@@..# #....######
#..r..+ +..†.......
#.....## #..........
#........#..........
#...........##......
#$..........##......
#...........##......
#...........##'#####
#....##.........


You could see Terence (very poisoned) and a rat.

Vanquished Creatures
  3 gnolls (D:3)
  3 adders
  A worm (D:2)
  A dart slug (D:1)
  An orc (D:3)
  3 endoplasms (D:1)
  2 giant cockroaches (D:1)
  8 goblins
  4 hobgoblins
  6 jackals (D:1)
  5 kobolds
  A ball python (D:1)
  4 bats
  A frilled lizard (D:1)
  4 rats
47 creatures vanquished.

Notes
Turn   | Place    | Note
-------+----------+-------------------------------------------
     0 | D:1      | booth the Demonspawn Venom Mage began the quest for the
                  | Orb.
     0 | D:1      | Reached XP level 1. HP: 13/13 MP: 3/3
   252 | D:1      | Gained mutation: You have a somewhat thin skeletal
                  | structure. (Dex +2, Stealth+) [demonic ancestry]
   252 | D:1      | Reached XP level 2. HP: 19/19 MP: 3/5
   255 | D:1      | Learned a level 2 spell: Poisonous Vapours
   726 | D:1      | Learned a level 1 spell: Sandblast
   978 | D:1      | Found a faded altar of an unknown god.
  1115 | D:1      | Prayed at the altar of an unknown god.
  1115 | D:1      | Became a worshipper of Uskayaw the Reveller
  1115 | D:1      | Reached * piety under Uskayaw
  1124 | D:1      | Gained mutation: You have a moderately thin skeletal
                  | structure. (Dex +4, Stealth++) [demonic ancestry]
  1124 | D:1      | Reached XP level 3. HP: 21/24 MP: 2/6
  1548 | D:2      | Reached ** piety under Uskayaw
  1690 | D:2      | Reached skill level 1 in Air Magic
  1780 | D:2      | Noticed Terence
  1892 | D:2      | You fall into a shaft and drop 2 floors!
  1945 | D:3      | Reached skill level 1 in Transmutations
  1945 | D:3      | Reached XP level 4. HP: 22/30 MP: 6/8
  2466 | D:3      | Learned a level 3 spell: Mephitic Cloud
  2495 | D:2      | Slain by Terence

Illustrated notes

Levels and vault maps discovered:
D:1:      dpeg_arrival_subterranean_lakeside_camping, layout_basic,
          basic_ecumenical_altar, kennysheep_another_room, minmay_domino_4
D:2:      layout_basic, uniq_robin, uniq_terence
D:3:      layout_basic, okawaru_ov_weapons_minmay,
          mainiacjoe_overflow_cross_hatched, uniq_crazy_yiuf_cottage
D:4:      layout_cave_pools, nicolae_overflow_crystal_walls

Skill      XL: |  1  2  3 |
---------------+----------+-----
Dodging        | 2 |  2.2
Air Magic      | 1 |  1.1
Spellcasting   | 3 |  3.1
Transmutations | 1 |  1.1
Fighting       | |  0.1
Short Blades   | |  0.3
Stealth        | |  1.9
Poison Magic   | |  3.8

Action                   |  1- 3 |  4- 6 || total
-------------------------+-------+-------++-------
Melee: Dagger            |    81 |    14 ||    95
       Punch             |     1 |       ||     1
 Cast: Sting             |    25 |    12 ||    37
       Poisonous Vapours |    24 |     5 ||    29
       Sandblast         |     1 |     1 ||     2
Invok: Stomp             |       |     2 ||     2
  Use: Scroll            |     3 |     1 ||     4
       Potion            |       |     1 ||     1
 Stab: Sleeping          |     1 |       ||     1
Armor: Robe              |    16 |     1 ||    17
Dodge: Dodged            |    61 |    22 ||    83
